 Dungeon Crawl Stone Soup version 0.16-a0-2072-gc0ac6de (webtiles) character file.

261 wvc the Cudgeler (level 5, -1/41 HPs)
             Began as a Mummy Fighter on Nov 11, 2014.
             Slain by a sky beast (5 damage)
             ... on level 3 of the Dungeon.
             The game lasted 00:03:33 (1897 turns).

wvc the Cudgeler (Mummy Fighter)                    Turns: 1897, Time: 00:03:34

Health: -1/41      AC:  7    Str: 20    XL:     5   Next: 96%
Magic:  5/5        EV:  6    Int:  7    God:
Gold:   113        SH:  8    Dex: 11    Spells: 0 memorised, 4 levels left

rFire  x . .     SeeInvis .     a - +1 flail
rCold  + . .     Clarity  .     b - +0 scale mail
rNeg   + + +     SustAb   .     c - +0 shield
rPois  +         Gourm    .     (no helmet)
rElec  .         Spirit   .     (no cloak)
rCorr  .         Warding  .     f - +0 pair of gloves
rMut   .         Stasis   .     (no boots)
MR     .....                    (no amulet)
Stlth  ..........               (no ring)
                                (no ring)

@: about to teleport, not resistant to hostile enchantments, extremely
unstealthy
A: no food or potions, fire vulnerability, restore body, cold resistance 1,
negative energy resistance 3, poison resistance, torment resistance, unbreathing
a: no special abilities


You were on level 3 of the Dungeon.
You were not hungry.

You visited 1 branch of the dungeon, and saw 4 of its levels.

You collected 113 gold pieces.

Inventory:

Hand weapons
 a - a +1 flail (weapon)
Armour
 b - a +0 scale mail (worn)
 c - a +0 shield (worn)
 e - a +0 plate armour
 f - a +0 pair of gloves (worn)
Magical staves
 g - an uncursed staff of poison
Scrolls
 d - 4 scrolls of identify


   Skills:
 - Level 3.0 Fighting
 * Level 4.3 Maces & Flails
 - Level 2.4 Armour
 - Level 2.5 Dodging
 - Level 2.4 Shields


You had 4 spell levels left.
You didn't know any spells.

Dungeon Overview and Level Annotations

Branches:
Dungeon (4/15)
 Temple: D:4-7

Altars:
Yredelemnul

Shops:
D:4 %


Innate Abilities, Weirdness & Mutations

You do not eat or drink.
Your flesh is vulnerable to fire.
Your flesh is cold resistant.
You are immune to negative energy.
Your system is resistant to poisons.
You are immune to unholy pain and torment.
You can survive without breathing.


Message History

The orc wizard gestures at you while chanting.
The magic dart hits you!
* * * LOW HITPOINT WARNING * * *
A sky beast appears from thin air!
Reactivating autopickup.
The sky beast barely misses you.
Read which item? (? for menu, Esc to quit)
As you read the scroll of teleportation, it crumbles to dust.
You feel strangely unstable. The orc wizard hits you with a dagger.
* * * LOW HITPOINT WARNING * * *
The sky beast hits you but does no damage.
You hit the orc wizard.
The orc wizard is severely wounded.
The orc wizard casts a spell.
The orc wizard flickers and vanishes!
Deactivating autopickup; reactivate with Ctrl-A.
The sky beast hits you.
* * * LOW HITPOINT WARNING * * *
The sky beast shocks you.
You die...

....# #####.###..# #######..#
.##.# #.........รท# #... .##.#
#.###.###..# #..# ###.# #.# #.#
#..# #..# #.# #.###.###..######
#..# ###.# #.#[..[.........# #..#
....# #.#.#...#.#####.# #..#
##..# #.#.###.#Y# ###.## #..#
##..# #.#.# #.#@# #....# ##..#
....# #.#.# #.#{# #.#..#####...#
##.#####.#.###..%###.#..........#
#................>..#.######.###
########...........###.######.###
##############...................
...............######.........###
################ ########### #


You could see a sky beast.

Vanquished Creatures
  Grinder (D:3)
  2 adders (D:2)
  A worm (D:2)
  An ooze (D:3)
  An orc (D:3)
  2 giant cockroaches
  2 goblins (D:1)
  9 hobgoblins
  2 kobolds (D:2)
  2 quokkas
  6 bats
  A giant newt (D:2)
  8 rats
  A spectral orc (D:3)
39 creatures vanquished.

Notes
Turn   | Place    | Note
--------------------------------------------------------------
     0 | D:1      | wvc, the Mummy Fighter, began the quest for the Orb.
     0 | D:1      | Reached XP level 1. HP: 18/18 MP: 1/1
   267 | D:1      | Reached XP level 2. HP: 14/24 MP: 2/2
   925 | D:2      | Reached XP level 3. HP: 26/29 MP: 3/3
   993 | D:2      | Reached skill level 1 in Dodging
  1609 | D:3      | Noticed Grinder
  1621 | D:3      | Killed Grinder
  1621 | D:3      | Reached skill level 4 in Maces & Flails
  1621 | D:3      | Reached XP level 4. HP: 26/35 MP: 4/4
  1621 | D:3      | Reached XP level 5. HP: 30/41 MP: 5/5
  1831 | D:3      | Found a basalt altar of Yredelemnul.
  1875 | D:4      | Found Poekloel's Food Shoppe.
  1876 | D:4      | Noticed a sky beast
  1897 | D:3      | Slain by a sky beast

Action                   |  1- 3 |  4- 6 || total
-------------------------+-------+-------++-------
Melee: Flail             |   111 |    15 ||   126
  Use: Scroll            |     9 |     1 ||    10
